 Dungeon Crawl Stone Soup version 0.31-a0-963-ga325b2283a (webtiles) character file.

Game seed: 64618498831929512

2 strifetoe the Cudgeller (level 1, -1/19 HPs)
             Began as an Armataur Berserker on Oct 25, 2023.
             Was a Follower of Trog.
             Slain by a hellwing (7 damage)
             ... on level 1 of the Abyss.
             The game lasted 00:00:34 (174 turns).

strifetoe the Cudgeller (Armataur Berserker)         Turns: 174, Time: 00:00:35

Health: -1/19      AC:  4    Str: 22    XL:     1   Next: 33%
Magic:  1/1        EV:  9    Int:  7    God:    Trog [*.....]
Gold:   16         SH:  0    Dex:  9    Spells: 0/0 levels left

rFire   . . .        a - +0 mace
rCold   . . .        (no shield)
rNeg    . . .        b - +0 animal skin
rPois   .            (no helmet)
rElec   .            (no cloak)
rCorr   .            (no gloves)
SInv    .            (no barding)
Will    .....        (no amulet)
Stlth   +            (no ring)
HPRegen 0.23/turn    (no ring)
MPRegen 0.07/turn

%: roll
@: no status effects
A: large, rugged brown scales 3, deformed body, armoured tail, roll, long
tongue, awkward tongue
a: Renounce Religion, Berserk


You were on level 1 of the Abyss.
You worshipped Trog.
Trog was aware of your devotion.
You visited 1 branch of the dungeon, and saw 1 of its levels.
You visited the Abyss 1 time.

You collected 16 gold pieces.

Inventory:

Hand Weapons
 a - a +0 mace (weapon)
Armour
 b - a +0 animal skin (worn)
Scrolls
 d - a scroll of blinking {unknown}
Potions
 c - a potion of lignification {unknown}


   Skills:
 - Level 2.6 Fighting
 + Level 2.9 Maces & Flails
 - Level 2.4 Armour
 - Level 1.3 Dodging


You couldn't memorise any spells.
You didn't know any spells.
Your spell library was empty.

Dungeon Overview and Level Annotations

Branches:
Dungeon (1/15)

Altars:


Innate Abilities, Weirdness & Mutations

You are completely covered in rugged brown scales. (AC +3, +7% HP)
Armour fits poorly on your strangely shaped body.
You have a long armoured tail.
You roll when moving toward enemies. (Rampage)
Your long tongue fully drains potion bottles. (2x potion effects)
Your tongue gives you trouble enunciating. (1.5x scroll delay)


Message History

The bat hits you but does no damage.
You hit the bat. You tail-slap the bat.
You kill the bat!
Trog accepts your kill.
No target in view!
No target in view!
No target in view!
No target in view!
No target in view!
No target in view!
d - a scroll labelled ZUADINAASI A kobold comes into view.
It is wielding a +2 whip of distortion.
The kobold shouts!
A kobold is nearby!
A kobold is nearby!
You roll towards the kobold!
You barely miss the kobold. The kobold barely misses you.
A dart slug comes into view.
The kobold misses you.
You miss the kobold. The kobold hits you but does no damage.
You are cast into the Abyss!
To return, you must find a gate leading back.
Killing monsters will force the Abyss to allow you passage.
This branch contains the abyssal rune of Zot.
No target in view!
Unknown command.
No target in view!
A large abomination comes into view.
An iron imp comes into view.
A ynoxinul comes into view.
A bone dragon comes into view.
A hellwing comes into view.
The hellwing gives a chilling moan.
The hellwing attacks as it pursues you! The hellwing hits you!
Ouch! That really hurt!
The hellwing hits you.
* * * LOW HITPOINT WARNING * * *
You roll towards the hellwing!
You hit the hellwing but do no damage. The hellwing barely misses you.
The hellwing hits you!
You die...

≈~~~..
~~~≈~§~# .#
#≈~~~~#.####
.
≈≈~≈~......#
. .
#.##.#.####
..##..
#.#..#..#.
...#
#....D.##..#
#....#..##
#..#.#4@.##
##...#.####
.... .. #.##
#..
...#....##
#.. ##..####
.## ###.# .
. # ....
#... .#. .
#.#.#3 # .#
#5 .##.


You could see a bone dragon and a hellwing.

Vanquished Creatures
  A bat (D:1)
  A goblin (D:1)
2 creatures vanquished.

Notes
Turn   | Place    | Note
-------+----------+-------------------------------------------
     0 | D:1      | strifetoe the Armataur Berserker began the quest for the
                  | Orb.
     0 | D:1      | Reached XP level 1. HP: 19/19 MP: 1/1
    97 | Abyss:1  | Cast into level 1 of the Abyss (kobold)
   126 | Abyss:1  | Noticed a large abomination
   159 | Abyss:1  | Noticed an iron imp
   160 | Abyss:1  | Noticed a ynoxinul
   163 | Abyss:1  | Noticed a bone dragon
   164 | Abyss:1  | Noticed a hellwing
   174 | Abyss:1  | Slain by a hellwing

Illustrated notes

Levels and vault maps discovered:
D:1:      lightli_arrival_quake, layout_rooms
Abyss:1:  base: Temple, hangedman_relentless_pull

Action                     || total
---------------------------++-------
  Melee: Mace              ||    10
         Tailslap          ||     1
 Armour: Animal skin       ||    13
  Dodge: Dodged            ||     5

Table legend: (Time is in decaauts)
 A = Elapsed time spent in this place.
 B = Non-inter-level travel time spent in this place.
 C = Inter-level travel time spent in this place.
 D = Time resting spent in this place.
 E = Time spent auto-exploring this place.
 F = Levels seen in this place.
 G = Mean time per level.
                   A        B        C        D        E       F      G
               +--------+--------+--------+--------+--------+-----+--------+
         Total |    176 |    176 |      0 |      0 |     77 |   2 |   88.0 |
       Dungeon |     99 |     99 |      0 |      0 |     77 |   1 |   99.0 |
         Abyss |     77 |     77 |      0 |      0 |      0 |   1 |   77.0 |
               +--------+--------+--------+--------+--------+-----+--------+

Top non-repeatable levels by time:
     D:1: 99 daAuts
 Abyss:1: 77 daAuts
